Lola, lawful female dwarven Archeologist -- . . --- -. --.--- ----- |. |....---- |...-- |. |.......| ---- --....-- |.--- ---.....| --..|--......| |...| --.....-- |...--.-.....--.- --- --...| |.......-- |...............| |.. |..<-- --.......------..........--- ---.- --..| |........----|........-.| |...| -----.---- --...........|--.......@j------...| --..|.....| |...--..|....| |..G...............##-- |.........-- --..|----.(.----............----.....--------..........-- -.-----....---........Yh..........................|....| .----.......|G........................---#-----..----..| |............G.............|.--....| ---- ---- --....---...|...---.--....----|...-- ---.-- --.---..| -----.--- |..-- --- --- ---- --- ---- Lola the Field Worker Experience level: 4 Strength: 9 Dexterity: 10 Constitution: 18 Intelligence: 16 Wisdom: 15 Charisma: 7 Health: 0(43) Energy: 13(13) Def: 7 Gold: 411 Moves: 1631 Dungeon seed: -NpP0CxiJnwP6lBy Game ID: Lola_1524150086 Your Inventory: Coins $ - 411 gold pieces Weapons a - a +2 bullwhip k - a +0 dwarvish mattock (weapon in hands) l - a +0 long sword (alternate weapon; not wielded) s - a cursed -1 bill-guisarme Armor e - an uncursed +0 leather jacket n - an uncursed +0 fedora (being worn) r - a cursed -1 orcish helm N - an uncursed +1 bronze plate mail (being worn) Comestibles b - 5 uncursed food rations j - an uncursed fortune cookie Scrolls h - an uncursed scroll of identify i - a cursed scroll of create monster m - an uncursed scroll of teleportation t - an uncursed scroll of blank paper Tools d - a tinning kit (0:93) f - an uncursed sack g - an uncursed oil lamp (0:729) Gems q - an uncursed touchstone y - an uncursed jet stone z - 2 uncursed topaz stones Contents of the sack: a +0 pick-axe Spells and supernatural/magical abilities: Name Level Category Fail Memory W - pray for help -- divine ? -- Your skills at the end: Fighting Skills Weapon Skills pick-axe [Basic] whip [Basic] Spellcasting Skills Final Attributes: You were piously aligned. You had infravision. You were stealthy. You were fast. You are dead. Vanquished creatures: a paper golem a kitten a kobold lord an iguana a giant rat a cave spider a brown mold a yellow mold a red mold a gnome zombie 2 geckos 3 jackals a fox a kobold 2 goblins a sewer rat 5 grid bugs 3 lichens a kobold zombie 3 newts 32 creatures vanquished. Voluntary challenges: You were an atheist. You used a wielded weapon 43 times, starting on turn 3. You read items or engraved 7 times, starting on turn 1609. You never genocided any monsters. You never polymorphed an object. You never changed form. You used no wishes. You never split a pudding. You wrote Elbereth's name 5 times, starting on turn 1610. You never violated your personal moral code. Dungeon overview: The Dungeons of Doom: levels 1 to 4 Level 1 some fountains a long staircase Level 2 a general store, some fountains Level 3 a weapon shop Level 4 a general store, a fountain stairs to The Gnomish Mines The Gnomish Mines: levels 5 to 6 Level 5 stairs to The Dungeons of Doom Level 6 <- You were here History has recorded: On T:1 you entered the Dungeons of Doom to retrieve the Amulet of Yendor! On T:183 you reached level 2 of The Dungeons of Doom. On T:423 you advanced to experience level 2. On T:512 you reached level 3 of The Dungeons of Doom. On T:655 you advanced to experience level 3. On T:874 you reached level 4 of The Dungeons of Doom. On T:1140 you reached level 1 of The Gnomish Mines. On T:1373 you advanced to experience level 4. On T:1442 you reached level 2 of The Gnomish Mines. Score breakdown: Gold: 411 ( 8894 points) Experience: 4 levels ( 9649 points) Exploration: 6 levels ( 11.76%) ( 9486 points) Discoveries: 6 items ( 2.06%) ( 4307 points) Valuables value: (no points given unless you survive) Artifact value: 0 ( 0 points) Variety of kills: 20 monsters ( 5.25%) ( 6873 points) Turncount: 1631 turns ( 0 points) Survival: died (score multiplied by 80%) Total score: 31367 Latest messages: Never mind. As you read the scroll, it disappears. This is an identify scroll. N - an uncursed +1 bronze plate mail. Never mind. You start equipping your bronze plate mail. You take off your leather jacket. The bugbear turns to flee! You are now wearing a bronze plate mail. The bugbear turns to flee! You add to the writing in the dust with your fingers. (2x) The monkey turns to flee! Please move the cursor to an unknown object. Never mind. You hit the blue jelly. You are suddenly very cold! You die... Final status: Goodbye Lola the Archeologist, killed by a blue jelly... You died in The Gnomish Mines on dungeon level 6 with 31367 points, and 411 pieces of gold, after 1631 moves. You were level 4 with a maximum of 43 hit points when you died.